 Dungeon Crawl Stone Soup version 0.29-a0-284-gf9362112df (webtiles) character file.

Game seed: 12591881775371183689

417 yunder69 the Poker (level 6, 0/88 HPs)
             Began as a Troll Berserker on Mar 25, 2022.
             Was a Believer of Trog.
             Slain by an ogre
             ... wielding a +0 giant club
              (29 damage)
             ... on level 4 of the Dungeon.
             The game lasted 00:05:25 (3271 turns).

yunder69 the Poker (Troll Berserker)                Turns: 3271, Time: 00:05:25

Health: 0/88       AC:  5    Str: 26    XL:     6   Next: 61%
Magic:  5/5        EV: 10    Int:  5    God:    Trog [**....]
Gold:   194        SH:  0    Dex:  9    Spells: 5/5 levels left

rFire   + . .      SeeInvis .   a - +0 spear
rCold   x . .      Faith    .   l - orb {mayhem}
rNeg    . . .      Spirit   .   b - +1 animal skin
rPois   .          Reflect  .   (helmet restricted)
rElec   .          Harm     .   (no cloak)
rCorr   .          Rampage  .   (gloves unavailable)
Will    .....                   (boots unavailable)
Stlth   ..........              (no amulet)
HPRegen 1.04/turn               p - ring of fire
MPRegen 0.09/turn               (no ring)

@: berserking, very quick
A: large, unfitting armour, claws 3, regeneration 1, shaggy fur 1, tough skin 1
a: Renounce Religion, Berserk, Trog's Hand


You were on level 4 of the Dungeon.
You worshipped Trog.
Trog was pleased with you.
You visited 1 branch of the dungeon, and saw 5 of its levels.

You collected 194 gold pieces.

Inventory:

Hand Weapons
 a - a +0 spear (weapon)
Armour
 b - a +1 animal skin (worn)
 l - an orb of mayhem (worn)
 q - a +0 helmet
Jewellery
 p - a ring of fire (left claw)
Wands
 f - a wand of polymorph (7)
Scrolls
 d - 7 scrolls of identify
 e - a scroll of silence {unknown}
 g - a scroll of blinking {unknown}
 h - a scroll of enchant armour
 m - a scroll of holy word {unknown}
 n - 3 scrolls of teleportation {unknown}
 o - a scroll of magic mapping {unknown}
Potions
 c - a potion of mutation {unknown}
 i - a potion of cancellation {unknown}
 j - a potion of curing
 k - 3 potions of haste {unknown}
 r - a potion of might {unknown}
 s - a potion of ambrosia {unknown}
 t - a potion of heal wounds {unknown}
 u - a potion of brilliance {unknown}


   Skills:
 - Level 2.4 Fighting
 + Level 6.2 Polearms
 - Level 2.4 Dodging


You had 5 spell levels left.
You didn't know any spells.
Your spell library was empty.

Dungeon Overview and Level Annotations

Branches:
Dungeon (5/15)
 Temple: D:4-7

Altars:
Cheibriados
Ru
Wu Jian
Zin

Shops:
D:3 :


Innate Abilities, Weirdness & Mutations

You are too large for most types of armour.
You have claws for hands.
Your natural rate of healing is unusually fast.
You are covered in fur. (AC +1)
You have tough skin. (AC +1)


Message History

There is a stone staircase leading down here.
You climb downwards.
The ogre shouts! x2
Found a scroll of identify and a scroll labelled DYS CYLEROU.
There is a stone staircase leading up here.
A red film seems to cover your vision as you go berserk!
You feel yourself moving faster!
You feel mighty!
You hit the ogre.
The ogre is lightly wounded.
You puncture the ogre!
The ogre is heavily wounded.
The ogre hits you with a +0 giant club!
You puncture the ogre!
You kill the ogre!
Trog accepts your kill.
The ogre flies into a frenzy!
Your Polearms skill increases to level 6!
You reach to attack!
You hit the ogre.
The ogre is lightly wounded.
The ogre shouts!
You hit the ogre.
The ogre is moderately wounded.
The ogre hits you with a +0 giant club!!!
Ouch! That really hurt!
* * * LOW HITPOINT WARNING * * *
You hear a shout!
You are too injured to fight recklessly!
You are too injured to fight recklessly!
You are too injured to fight recklessly!
You are too injured to fight recklessly!
You are too injured to fight recklessly!
You climb upwards.
You feel a strong urge to attack something.
There is a stone staircase leading down here.
Okay, then.
You are too berserk!
You puncture the ogre!
The ogre is almost dead.
The ogre hits you with a +0 giant club!!
You die...

#.##.....##.#
#.#..........
#.#.........) ###
###.#......####
######.####...##.#.###
#.......##...###.#.#
#.####.....#.....#.#
#.# #####...#####.#
#.# #..@O..###....#
#.# #.###### #.####
#.# #.# #.# ###.# #.#
#.# #...# #.# #.#
#.### #.# #.# #.# #.#
#.# #.# #.# #.#
#.######.########.##


You could see a neutral ogre (fast, strong, insane).

Vanquished Creatures
  3 ogres
  A scorpion (D:3)
  Ijyb (D:3)
  2 adders
  3 worms
  2 orcs
  5 endoplasms
  A giant cockroach (D:1)
  5 goblins
  2 hobgoblins
  5 kobolds
  4 quokkas
  4 ball pythons
  4 bats
  A frilled lizard (D:1)
  11 rats
54 creatures vanquished.

Notes
Turn   | Place    | Note
-------+----------+-------------------------------------------
     0 | D:1      | yunder69 the Troll Berserker began the quest for the Orb.
     0 | D:1      | Reached XP level 1. HP: 22/22 MP: 0/0
   150 | D:1      | Found a faded altar of an unknown god.
   203 | D:1      | Reached XP level 2. HP: 29/29 MP: 1/1
   320 | D:1      | Reached skill level 3 in Polearms
   872 | D:2      | Noticed an ogre
   880 | D:2      | Killed an ogre
   881 | D:2      | Reached skill level 4 in Polearms
   881 | D:2      | Reached XP level 3. HP: 36/36 MP: 2/2
   881 | D:2      | Reached XP level 4. HP: 44/44 MP: 3/3
  1141 | D:2      | Found a glowing silver altar of Zin.
  1713 | D:3      | Found Othri Mae's Book Boutique.
  1730 | D:3      | Reached ** piety under Trog
  1815 | D:3      | Found an ornate altar of the Wu Jian Council.
  1818 | D:3      | Reached XP level 5. HP: 46/50 MP: 4/4
  1870 | D:3      | Found a sacrificial altar of Ru.
  1978 | D:3      | Found a snail-covered altar of Cheibriados.
  2185 | D:3      | Reached skill level 5 in Polearms
  2435 | D:3      | Noticed Ijyb
  2476 | D:3      | Killed Ijyb
  2682 | D:4      | Noticed an ogre
  2691 | D:4      | Killed an ogre
  2692 | D:4      | Reached XP level 6. HP: 35/59 MP: 5/5
  3262 | D:5      | Entered Level 5 of the Dungeon
  3267 | D:5      | Reached skill level 6 in Polearms
  3271 | D:4      | Slain by an ogre

Illustrated notes

Levels and vault maps discovered:
D:1:      dpeg_arrival_ratfight, layout_loops_ring, basic_ecumenical_altar
D:2:      layout_loops_ring, basic_altar
D:3:      layout_basic, lemuel_round_altar, mainiacjoe_overflow_large_starburst,
          serial_shops, nicolae_shop_trees, uniq_ijyb
D:4:      layout_loops_ring
D:5:      layout_layer_cave, minmay_fractal_squares_gapless_5, uniq_pikel

Skill      XL: |  1  2  3  4  5  6 |
---------------+-------------------+-----
Polearms       | 4 5 6 |  6.2
Fighting       | |  2.4
Dodging        | |  2.4

Action                   |  1- 3 |  4- 6 || total
-------------------------+-------+-------++-------
Melee: Spear             |    73 |   138 ||   211
       Unarmed           |       |    33 ||    33
Invok: Berserk           |     1 |     3 ||     4
  Use: Scroll            |       |     2 ||     2
 Stab: Sleeping          |     1 |     1 ||     2
Armor: Animal skin       |    12 |    18 ||    30
Dodge: Dodged            |    20 |    51 ||    71

Table legend: (Time is in decaauts)
 A = Elapsed time spent in this place.
 B = Non-inter-level travel time spent in this place.
 C = Inter-level travel time spent in this place.
 D = Time resting spent in this place.
 E = Time spent auto-exploring this place.
 F = Levels seen in this place.
 G = Mean time per level.
                   A        B        C        D        E       F      G
               +--------+--------+--------+--------+--------+-----+--------+
         Total |   3254 |   2894 |    360 |    130 |   2313 |   5 |  650.8 |
       Dungeon |   3254 |   2894 |    360 |    130 |   2313 |   5 |  650.8 |
               +--------+--------+--------+--------+--------+-----+--------+

Top non-repeatable levels by time:
     D:2: 901 daAuts
     D:1: 808 daAuts
     D:3: 800 daAuts
     D:4: 740 daAuts
     D:5: 4 daAuts
